 Dungeon Crawl Stone Soup version 0.29.0-4-gdea44cf6ec (webtiles) character file.

Game seed: 17694270002863045872

58 qw the Chopper (level 4, -4/42 HPs)
             Began as an Ogre Enchanter on Sept 3, 2022.
             Slain by Sigmund
             ... wielding a +0 scythe
              (6 damage)
             ... on level 3 of the Dungeon.
             The game lasted 00:01:43 (3075 turns).

qw the Chopper (Ogre Enchanter)                     Turns: 3075, Time: 00:01:43

Health: -4/42      AC:  3    Str: 14    XL:     4   Next: 2%
Magic:  7/7        EV:  9    Int: 16    God:
Gold:   128        SH:  0    Dex:  9    Spells: 7/7 levels left

rFire   . . .      SeeInvis .   a - +0 trident
rCold   . . .      Faith    .   (no shield)
rNeg    . . .      Spirit   .   b - +0 robe
rPois   .          Reflect  .   (helmet restricted)
rElec   .          Harm     .   (no cloak)
rCorr   .          Rampage  .   (gloves unavailable)
Will    .....                   (boots unavailable)
Stlth   ++........              (no amulet)
HPRegen 0.14/turn               (no ring)
MPRegen 0.10/turn               (no ring)

@: no status effects
A: large, unfitting armour, tough skin 1
a: no special abilities


You were on level 3 of the Dungeon.
You visited 1 branch of the dungeon, and saw 3 of its levels.

You collected 128 gold pieces.


Innate Abilities, Weirdness & Mutations

You are too large for most types of armour.
You have tough skin. (AC +1)


   Skills:
 + Level 2.1 Fighting
 - Level 0.8 Short Blades
 - Level 3.0 Axes
 - Level 1.7 Dodging
 - Level 2.1 Stealth
 - Level 2.4 Spellcasting
 - Level 2.6 Hexes


You had 7 spell levels left.
You didn't know any spells.
Your spell library contained the following spells:

 Spells                   Type           Power      Damage    Failure   Level
 Ensorcelled Hibernation  Hex/Ice        12%        N/A       17%         2
 Confusing Touch          Hex            10%        N/A       21%         3
 Tukima's Dance           Hex            10%        N/A       21%         3
 Dazzling Flash           Conj/Hex       12%        N/A       34%         3

Inventory:

Hand Weapons
 a - a +0 trident (weapon)
Armour
 b - a +0 robe (worn)
 g - the +2 cloak "Egynufik" {Int+2 Slay+3}
   (You found it on level 3 of the Dungeon)

   Int:       It affects your intelligence (+2).
   Slay:      It affects your accuracy & damage with ranged weapons and melee
   (+3).
Scrolls
 h - a scroll of poison {unknown}
Potions
 c - a potion of cancellation
 d - a potion of brilliance {unknown}
 e - a potion of flight {unknown}
 f - a potion of attraction {unknown}
 k - a potion of curing {unknown}

Dungeon Overview and Level Annotations

Branches:
Dungeon (3/15)

Altars:

Annotations:
D:3 Sigmund


Message History

Reach: a) +0 trident
Press: ? - help, Dir - move target, f/p - Sigmund You hit Sigmund.
Sigmund is moderately wounded.
Reach: a) +0 trident
Press: ? - help, Dir - move target, f/p - Sigmund You barely miss Sigmund.
Sigmund is moderately wounded.
Sigmund completely misses you.
Reach: a) +0 trident
Press: ? - help, Dir - move target, f/p - Sigmund You barely miss Sigmund.
Sigmund is moderately wounded.
Sigmund hits you from afar with a +0 scythe.
Reach: a) +0 trident
Press: ? - help, Dir - move target, f/p - Sigmund You closely miss Sigmund.
Sigmund is moderately wounded.
Sigmund hits you but does no damage.
Reach: a) +0 trident
Press: ? - help, Dir - move target, f/p - Sigmund You barely miss Sigmund.
Sigmund is moderately wounded.
Sigmund hits you from afar with a +0 scythe!
Reach: a) +0 trident
Press: ? - help, Dir - move target, f/p - Sigmund You closely miss Sigmund.
Sigmund is moderately wounded.
Reach: a) +0 trident
Press: ? - help, Dir - move target, f/p - Sigmund You closely miss Sigmund.
Sigmund is moderately wounded.
Sigmund gestures wildly while chanting.
Sigmund flickers and vanishes!
Deactivating autopickup; reactivate with Ctrl-A.
Something hits you.
You swing at nothing.
You swing at nothing.
Something hits you.
You die...

#.. #.# #.# #.# ####### #.#
#...... #.# ... {?# #.. #.#
#.# #.# #.# #@# #.#
#.###.### #.# #.......# #.#
#.##..#.# #.# ##.##.##.# #
#.# .###...#.##.###.#
####)#
#................#####....#
#####....#....#....##......
##..###......# #.......


There were no monsters in sight!

Vanquished Creatures
  2 dart slugs (D:1)
  2 orcs (D:3)
  3 ball pythons
  3 bats
  3 endoplasms
  14 giant cockroaches
  2 hobgoblins (D:3)
  3 jackals (D:2)
  3 kobolds (D:2)
  A quokka (D:2)
  2 frilled lizards (D:1)
  A goblin (D:1)
  7 rats
46 creatures vanquished.

Notes
Turn   | Place    | Note
-------+----------+-------------------------------------------
     0 | D:1      | qw the Ogre Enchanter began the quest for the Orb.
     0 | D:1      | Reached XP level 1. HP: 16/16 MP: 3/3
     0 | D:1      | 0 ||| qw: Version: 0.1-a-102-g441f92d
     0 | D:1      | 0 ||| qw: Game counter: 5250
     0 | D:1      | 0 ||| qw: Always use a shield: true
     0 | D:1      | 0 ||| qw: God list: Okawaru
     0 | D:1      | 0 ||| qw: Allow faded altars: false
     0 | D:1      | 0 ||| qw: Do Orc after D:15 true
     0 | D:1      | 0 ||| qw: Do second Lair branch before Depths: true
     0 | D:1      | 0 ||| qw: Lair rune preference: random
     0 | D:1      | 0 ||| qw: Plans: Normal
     0 | D:1      | 0 ||| PLANNING D:1-11
    77 | D:1      | 77 ||| Stepping ~*~*~tactically~*~*~ (hiding).
    93 | D:1      | Reached skill level 1 in Axes
   218 | D:1      | Reached skill level 1 in Fighting
   218 | D:1      | Reached XP level 2. HP: 27/27 MP: 5/5
   377 | D:1      | 377 ||| SWAPPING to +0 mace.
   378 | D:1      | 378 ||| DROPPING +1 dagger.
   484 | D:1      | 484 ||| SWAPPING to +0 falchion.
   685 | D:1      | 685 ||| Stepping ~*~*~tactically~*~*~ (hiding).
   787 | D:1      | 787 ||| Stepping ~*~*~tactically~*~*~ (hiding).
   889 | D:1      | 889 ||| Stepping ~*~*~tactically~*~*~ (hiding).
   991 | D:1      | 991 ||| Stepping ~*~*~tactically~*~*~ (hiding).
   996 | D:1      | Reached skill level 2 in Axes
  1298 | D:1      | 1298 ||| READING scroll labelled XYAKOTSOEFFE.
  1302 | D:1      | 1302 ||| DROPPING 2 potions of invisibility.
  1415 | D:2      | Reached XP level 3. HP: 14/35 MP: 6/6
  1421 | D:2      | HP: 8/35 [jackal (1)]
  1451 | D:2      | 1451 ||| Stepping ~*~*~tactically~*~*~ (stealth).
  1499 | D:2      | HP: 7/35 [quokka (4)]
  2387 | D:2      | 2387 ||| DROPPING scarf of shadows.
  2388 | D:2      | 2388 ||| READING scroll labelled ECLESCH IL SAEBBAI.
  2389 | D:2      | 2389 ||| READING scroll labelled SAG JUCREOL.
  2390 | D:2      | 2390 ||| READING scroll labelled XOOMAI YSAPORI.
  2391 | D:2      | 2391 ||| DRINKING 2 fizzy black potions.
  2519 | D:3      | 2519 ||| SWAPPING to +0 trident.
  2520 | D:3      | 2520 ||| DROPPING +0 mace.
  2521 | D:3      | 2521 ||| DROPPING +0 falchion.
  2538 | D:3      | Identified the +2 cloak "Egynufik" {Int+2 Slay+3}
  2835 | D:3      | 2835 ||| Stepping ~*~*~tactically~*~*~ (outnumbered).
  3015 | D:3      | Reached skill level 3 in Axes
  3015 | D:3      | Reached XP level 4. HP: 42/42 MP: 7/7
  3061 | D:3      | Noticed Sigmund
  3071 | D:3      | HP: 7/42 [Sigmund/+0 scythe (7)]
  3073 | D:3      | HP: 2/42 [something (6)]
  3075 | D:3      | Slain by Sigmund

Levels and vault maps discovered:
D:1:      wander_arrival_lonely_grave, layout_rooms, minmay_door_square,
          minmay_misc_feat_secret_circle, minmay_misc_feat_rows
D:2:      layout_loops_ring
D:3:      minmay_roachtagon, layout_loops_ring, uniq_sigmund

Skill      XL: |  1  2  3 |
---------------+----------+-----
Axes           | 1 2 3 |  3.0
Fighting       | 1 2 |  2.1
Short Blades   | |  0.8
Dodging        | |  1.7
Stealth        | |  2.1
Spellcasting   | |  2.4
Hexes          | |  2.6

Action                   |  1- 3 |  4- 6 || total
-------------------------+-------+-------++-------
Melee: Dagger            |    61 |       ||    61
       Falchion          |    60 |       ||    60
       Mace              |     9 |       ||     9
       Trident           |    64 |    13 ||    77
  Use: Scroll            |     4 |       ||     4
       Potion            |     1 |       ||     1
Armor: Robe              |    84 |     1 ||    85
Dodge: Dodged            |   101 |     2 ||   103

Table legend:
 A = Non-vault XP
 B = Vault XP
 C = Vault XP percentage of total XP
 D = Non-vault monster count
 E = Vault monster count
 F = Vault count percentage of total count
                 A         B        C        D         E       F
            +---------+---------+-------+---------+---------+-------
      Total |      64 |      20 |  23.8 |      36 |      10 |  21.7
            +---------+---------+-------+---------+---------+-------
        D:1 |      30 |       0 |   0.0 |      17 |       0 |   0.0
        D:2 |      15 |       0 |   0.0 |       9 |       0 |   0.0
        D:3 |      19 |      20 |  51.3 |      10 |      10 |  50.0
            +---------+---------+-------+---------+---------+-------
